 Dungeon Crawl Stone Soup version 0.30.0-19-g36f170ea60 (webtiles) character file.

Game seed: 11724155849736201027

20 Peloso the Trooper (level 2, 24/24 HPs)
             Began as a Minotaur Fighter on May 26, 2023.
             Got out of the dungeon alive.
             The game lasted 00:01:54 (853 turns).

Peloso the Trooper (Minotaur Fighter)                Turns: 853, Time: 00:01:55

Health: 24/24      AC: 11    Str: 20    XL:     2   Next: 58%
Magic:  1/1        EV:  5    Int:  5    God:
Gold:   67         SH:  4    Dex:  9    Spells: 1/1 levels left

rFire   . . .        a - +0 long sword
rCold   . . .        d - +0 buckler
rNeg    . . .        c - +0 plate armour
rPois   .            (helmet restricted)
rElec   .            (no cloak)
rCorr   .            (no gloves)
SInv    .            (no boots)
Will    .....        (no amulet) Stlth
                     (no ring)
HPRegen 0.24/turn    (no ring)
MPRegen 0.07/turn

%: no passive effects
@: no status effects
A: horns 2, retaliatory headbutt, frail 1, wild magic 1, devolution 1
a: no special abilities


You escaped.
You visited 1 branch of the dungeon, and saw 1 of its levels.

You collected 67 gold pieces.

Inventory:

Hand Weapons
 a - a +0 long sword (weapon)
Armour
 b - a +0 scale mail
 c - a +0 plate armour (worn)
 d - a +0 buckler (worn)
Scrolls
 e - 2 scrolls of enchant armour {unknown}
 f - a scroll of magic mapping {unknown}
 g - a scroll of vulnerability {unknown}
 h - 2 scrolls of identify {unknown}
 l - a scroll of torment {unknown}
Potions
 i - 2 potions of heal wounds
 j - 2 potions of might
 o - a potion of curing {unknown}


   Skills:
 + Level 4.0 Fighting
 + Level 2.8 Long Blades
 + Level 3.8 Armour
 + Level 4.0 Shields


You had one spell level left.
You didn't know any spells.
Your spell library was empty.

Dungeon Overview and Level Annotations

Branches:
Dungeon (1/15)

Altars:


Innate Abilities, Weirdness & Mutations

You have a pair of horns on your head.
You reflexively headbutt those who attack you in melee.
You are frail. (-10% HP)
Your spells are a little harder to cast, but a little more powerful.
You have hidden genetic defects.


Message History

You slash the fungus!
The fungus begins to die.
You headbutt the fungus.
The fungus is lightly damaged.
A nearby fungus withers and dies.
You hit the fungus.
The fungus begins to die.
The fungus is lightly damaged.
You hit the fungus. You headbutt the fungus!
The fungus is lightly damaged.
You slash the fungus!
The fungus is lightly damaged.
A nearby fungus withers and dies.
You see here a bat corpse.
Done exploring.
Done exploring.
It was a potion of heal wounds.
You feel much better.
It was a potion of attraction.
You feel attractive to monsters.
It was a potion of ambrosia.
You are confused.
You feel invigorated.
It was a potion of mutation.
You feel extremely strange.
You feel frail.
You feel a hidden malignance growing inside you.
You feel less in control of your magic.
(D) Dungeon
Where to? (? - help)
What level of the Dungeon? (default 1, ? - help)
You are too confused!
You start waiting.
You feel less invigorated.
You feel less confused.
You start waiting.
You feel less attractive to monsters.
You start waiting.
Done waiting.
(D) Dungeon
Where to? (Enter - D:1 @ (x,y), ? - help)
What level of the Dungeon? (default 1, ? - help)
You see here a stone.
There is a staircase leading out of the dungeon here.
Are you sure you want to leave the Dungeon?
This will make you lose the game!
You have escaped!

#.# #...###
##..# #..#
#>###P.P#
##.####.##
#...#P.P#
#.(.##.#
###.#P.P#
###....##
#.#P.P#
####...
#.#P.P# #.#.
#.#P.P# #.#.
##.#P.P#
###.##
##..#P@P#
#...#
#...#P.P#
###.###
#...#P.P#
#...#
#...#P.P#
#####.###
##..#P.P#
#.....#
##..#P.P#
##.#####
#...#P.P###..#
#...#P.P#.#.##
###
#...#...#...##
####|.


There were no monsters in sight!

Vanquished Creatures
  3 endoplasms (D:1)
  A giant cockroach (D:1)
  A goblin (D:1)
  A hobgoblin (D:1)
  A quokka (D:1)
  3 ball pythons (D:1)
  2 bats (D:1)
  2 frilled lizards (D:1)
  A kobold (D:1)
  4 rats (D:1)
19 creatures vanquished.

Notes
Turn   | Place    | Note
-------+----------+-------------------------------------------
     0 | D:1      | Peloso the Minotaur Fighter began the quest for the Orb.
     0 | D:1      | Reached XP level 1. HP: 19/19 MP: 0/0
   222 | D:1      | Reached XP level 2. HP: 27/27 MP: 1/1
   617 | D:1      | Found a faded altar of an unknown god.
   650 | D:1      | Gained mutation: You are frail. (-10% HP) [potion of
                  | mutation]
   650 | D:1      | Gained mutation: You have hidden genetic defects. [potion
                  | of mutation]
   650 | D:1      | Gained mutation: Your spells are a little harder to cast,
                  | but a little more powerful. [potion of mutation]
   853 | D:$      | Got out of the dungeon alive.

Illustrated notes

Levels and vault maps discovered:
D:1:      eino_arrival_tree_alley, layout_rooms,
          shapermc_ecumenical_altar_mp_urbaneastern, minmay_small_reverse_x

Skill      XL: |  1  2 |
---------------+-------+-----
Fighting       | 4 |  4.0
Shields        | 4 |  4.0
Long Blades    | |  2.8
Armour         | |  3.8

Action                     || total
---------------------------++-------
  Melee: Long sword        ||    57
         Headbutt          ||    10
    Use: Potion            ||     4
 Armour: Scale mail        ||    11
         Plate armour      ||    31
  Dodge: Dodged            ||    18
  Block: Buckler           ||    11
